 Dungeon Crawl Stone Soup version 0.31.0-11-ge490571c62 (webtiles) character file.

Game seed: 8264868891610752086

823 qw the Skirmisher (level 7, 0/40 HPs)
             Began as a Deep Elf Hunter on Feb 3, 2024.
             Succumbed to a scorpion's poison
             ... on level 5 of the Dungeon.
             The game lasted 00:01:36 (3802 turns).

qw the Skirmisher (Deep Elf Hunter)                 Turns: 3802, Time: 00:01:36

Health: 0/40       AC: 11    Str: 10    XL:     7   Next: 63%
Magic:  3/9        EV: 11    Int: 14    God:
Gold:   158        SH:  0    Dex: 18    Spells: 6/6 levels left

rFire   . . .        a - +1 shortbow
rCold   . . .        (shield currently unavailable)
rNeg    . . .        i - +0 ring mail
rPois   +            o - +0 helmet
rElec   .            g - +2 cloak
rCorr   .            m - +1 pair of gloves
SInv    .            (no boots)
Will    .....        c - amulet of guardian spirit
Stlth   +            n - ring of poison resistance
HPRegen 0.26/turn    (no ring)
MPRegen 0.11/turn

%: guardian spirit
@: lethally poisoned (0 -> -5)
A: no striking features
a: no special abilities


You were on level 5 of the Dungeon.
You visited 1 branch of the dungeon, and saw 5 of its levels.

You collected 191 gold pieces.
You spent 33 gold pieces at shops.


   Skills:
 - Level 2.1 Fighting
 + Level 11.8 Ranged Weapons
 - Level 1.0 Armour
 - Level 3.1 Dodging
 - Level 1.2 Stealth


You had 6 spell levels left.
You didn't know any spells.
Your spell library was empty.

Inventory:

Hand Weapons
 a - a +1 shortbow (weapon)
Armour
 g - a +2 cloak (worn)
 i - a +0 ring mail (worn)
 m - a +1 pair of gloves (worn)
 o - a +0 helmet (worn)
Jewellery
 c - an amulet of guardian spirit (around neck)
 n - a ring of poison resistance (left hand)
Wands
 l - a wand of flame (11)
Scrolls
 d - a scroll of poison {unknown}
 e - a scroll of fear {unknown}
Potions
 h - a potion of invisibility {unknown}
 j - a potion of resistance {unknown}
 p - a potion of mutation {unknown}

Dungeon Overview and Level Annotations

Branches:
Dungeon (5/15)
 Temple: D:4-7

Altars:
Nemelex Xobeh
Vehumet

Shops:
D:3 ?


Message History

As you read the scroll of teleportation, it crumbles to dust.
You feel strangely unstable.
Ijyb zaps a wand.
The roots erupt in riotous growth!
The grasping roots grab you!
Ijyb is unaffected.
The grasping roots constrict you.
You shoot an arrow. The arrow closely misses Ijyb.
Ijyb barely misses you. The grasping roots constrict you.
You shoot an arrow. The arrow hits Ijyb.
You kill Ijyb!
You start resting.
Your surroundings suddenly seem different.
A scorpion comes into view.
Found a stone staircase leading down.
You shoot an arrow. The arrow hits the scorpion!
The scorpion is heavily wounded.
You shoot an arrow. The arrow barely misses the scorpion.
You shoot an arrow.
The arrow hits the scorpion but does no damage.
The scorpion is heavily wounded.
The scorpion closely misses you.
The scorpion stings you but does no damage.
You shoot an arrow. The arrow hits the scorpion.
The scorpion is severely wounded.
The scorpion stings you.
You are lethally poisoned!
The scorpion poisons you!
You shoot an arrow.
The arrow hits the scorpion but does no damage.
The scorpion is severely wounded.
You feel very sick.
The scorpion stings you but does no damage.
You shoot an arrow. The arrow hits the scorpion!
You kill the scorpion!
You feel sick.
There is a lethal amount of poison in your body!
You feel sick.
There is a lethal amount of poison in your body!
You feel sick.
There is a lethal amount of poison in your body!
You die...

#####
#######
#.....#
#.....#
#.....####
#.........
#.@...#
#.....#
#..>..#
#.....#
#######


There were no monsters in sight!

Vanquished Creatures
  An ice beast (D:5)
  3 scorpions (D:5)
  A bombardier beetle (D:4)
  A hound (D:4)
  3 orc priests
  Jessica (D:2)
  Ijyb (D:5)
  2 sleepcaps
  2 orc wizards
  11 adders
  2 gnolls
  2 ufetubi (D:5)
  A ribbon worm (D:5)
  2 dart slugs
  17 orcs
  6 ball pythons
  4 bats
  7 endoplasms
  5 giant cockroaches
  7 goblins
  9 hobgoblins
  2 jackals (D:3)
  3 quokkas
  5 frilled lizards
  5 kobolds
  6 rats
109 creatures vanquished.

Notes
Turn   | Place    | Note
-------+----------+-------------------------------------------
     0 | D:1      | qw the Deep Elf Hunter began the quest for the Orb.
     0 | D:1      | Reached XP level 1. HP: 12/12 MP: 3/3
     0 | D:1      | 0 ||| qw: Version: 0.3-a-155-g5e7d8dd
     0 | D:1      | 0 ||| qw: Game counter: 3103
     0 | D:1      | 0 ||| qw: Melee chars always use a shield: true
     0 | D:1      | 0 ||| qw: God list: Okawaru
     0 | D:1      | 0 ||| qw: Allow faded altars: false
     0 | D:1      | 0 ||| qw: Do Orc after clearing Dungeon:15 true
     0 | D:1      | 0 ||| qw: Do second Lair branch before Depths: true
     0 | D:1      | 0 ||| qw: Lair rune preference: random
     0 | D:1      | 0 ||| qw: Goals: Normal
     0 | D:1      | 0 ||| PLANNING D:1-11
    73 | D:1      | Reached XP level 2. HP: 16/16 MP: 4/4
   125 | D:1      | Reached skill level 6 in Ranged Weapons
   412 | D:1      | Reached XP level 3. HP: 20/20 MP: 5/5
   836 | D:1      | 836 ||| UPGRADING to +2 cloak.
   841 | D:1      | 841 ||| UPGRADING to +0 ring mail.
   851 | D:1      | 851 ||| DROPPING +0 leather armour.
   852 | D:1      | 852 ||| READING scroll labelled BITOAN GOF.
   853 | D:1      | 853 ||| READING 3 scrolls labelled QEATITT TANOMP.
   853 | D:1      | 853 ||| IDENTIFYING sedimented pink potion
   854 | D:1      | 854 ||| READING 2 scrolls of identify.
   854 | D:1      | 854 ||| IDENTIFYING orange potion
   855 | D:1      | 855 ||| READING scroll of identify.
   855 | D:1      | 855 ||| IDENTIFYING scroll labelled JAOFA XOETOS
   856 | D:1      | 856 ||| DROPPING scroll of butterflies.
   857 | D:1      | 857 ||| DROPPING potion of lignification.
   858 | D:1      | 858 ||| DROPPING scroll of fog.
   859 | D:1      | 859 ||| DROPPING potion of degeneration.
   906 | D:2      | Reached skill level 7 in Ranged Weapons
  1027 | D:2      | Reached XP level 4. HP: 25/25 MP: 6/6
  1047 | D:2      | Noticed Jessica
  1050 | D:2      | Killed Jessica
  1096 | D:2      | Reached skill level 8 in Ranged Weapons
  1546 | D:2      | 1546 ||| UPGRADING to amulet of guardian spirit.
  1551 | D:2      | 1551 ||| READING 3 scrolls labelled VUSAFIGOZO.
  1649 | D:3      | Reached XP level 5. HP: 29/29 MP: 7/7
  1675 | D:3      | 1675 ||| FLEEEEING.
  1809 | D:3      | Reached skill level 9 in Ranged Weapons
  1832 | D:3      | Found a sparkling altar of Nemelex Xobeh.
  2103 | D:3      | Found a radiant altar of Vehumet.
  2235 | D:3      | Found Jiuvas's Magic Scroll Emporium.
  2245 | D:3      | 2245 ||| SHOPLISTING scroll of acquirement (572 gold, have
                  | 88).
  2245 | D:3      | 2245 ||| BUYING scroll of teleportation (33 gold).
  2245 | D:3      | Bought a scroll of teleportation for 33 gold pieces
  2362 | D:3      | 2362 ||| UPGRADING to +0 pair of gloves.
  2367 | D:3      | 2367 ||| UPGRADING to +0 helmet.
  2372 | D:3      | 2372 ||| READING scroll of identify.
  2372 | D:3      | 2372 ||| IDENTIFYING sapphire potion
  2373 | D:3      | 2373 ||| READING scroll labelled TUCLAR FO LENO.
  2374 | D:3      | 2374 ||| DRINKING 2 amethyst potions.
  2375 | D:3      | 2375 ||| DRINKING 2 metallic amethyst potions.
  2376 | D:3      | 2376 ||| FLEEEEING.
  2377 | D:3      | 2377 ||| FLEEEEING.
  2378 | D:3      | 2378 ||| FLEEEEING.
  2379 | D:3      | 2379 ||| FLEEEEING.
  2380 | D:3      | 2380 ||| FLEEEEING.
  2381 | D:3      | 2381 ||| FLEEEEING.
  2382 | D:3      | 2382 ||| FLEEEEING.
  2383 | D:3      | 2383 ||| FLEEEEING.
  2384 | D:3      | 2384 ||| FLEEEEING.
  2385 | D:3      | 2385 ||| FLEEEEING.
  2386 | D:3      | 2386 ||| FLEEEEING.
  2387 | D:3      | 2387 ||| FLEEEEING.
  2388 | D:3      | 2388 ||| FLEEEEING.
  2389 | D:3      | 2389 ||| FLEEEEING.
  2390 | D:3      | 2390 ||| FLEEEEING.
  2391 | D:3      | 2391 ||| FLEEEEING.
  2392 | D:3      | 2392 ||| FLEEEEING.
  2393 | D:3      | 2393 ||| FLEEEEING.
  2394 | D:3      | 2394 ||| FLEEEEING.
  2395 | D:3      | 2395 ||| FLEEEEING.
  2396 | D:3      | 2396 ||| FLEEEEING.
  2397 | D:3      | 2397 ||| FLEEEEING.
  2398 | D:3      | 2398 ||| FLEEEEING.
  2399 | D:3      | 2399 ||| FLEEEEING.
  2400 | D:3      | 2400 ||| FLEEEEING.
  2401 | D:3      | 2401 ||| FLEEEEING.
  2402 | D:3      | 2402 ||| FLEEEEING.
  2403 | D:3      | 2403 ||| FLEEEEING.
  2404 | D:3      | 2404 ||| FLEEEEING.
  2405 | D:3      | 2405 ||| FLEEEEING.
  2406 | D:3      | 2406 ||| FLEEEEING.
  2407 | D:3      | 2407 ||| FLEEEEING.
  2408 | D:3      | 2408 ||| FLEEEEING.
  2409 | D:3      | 2409 ||| FLEEEEING.
  2410 | D:3      | 2410 ||| STAIRDANCE
  2412 | D:2      | 2412 ||| FLEEEEING.
  2413 | D:2      | 2413 ||| FLEEEEING.
  2414 | D:2      | 2414 ||| FLEEEEING.
  2415 | D:2      | 2415 ||| FLEEEEING.
  2416 | D:2      | 2416 ||| FLEEEEING.
  2417 | D:2      | 2417 ||| FLEEEEING.
  2418 | D:2      | 2418 ||| FLEEEEING.
  2419 | D:2      | 2419 ||| FLEEEEING.
  2420 | D:2      | 2420 ||| FLEEEEING.
  2421 | D:2      | 2421 ||| STAIRDANCE
  2423 | D:1      | 2423 ||| DROPPING potion of berserk rage.
  2455 | D:4      | 2455 ||| STAIRDANCE
  2468 | D:4      | 2468 ||| STAIRDANCE
  2481 | D:4      | 2481 ||| STAIRDANCE
  2485 | D:3      | Reached XP level 6. HP: 35/35 MP: 6/8
  2487 | D:4      | 2487 ||| STAIRDANCE
  2545 | D:4      | 2545 ||| STAIRDANCE
  2576 | D:4      | 2576 ||| STAIRDANCE
  2648 | D:4      | Reached skill level 1 in Armour
  3297 | D:4      | Reached skill level 10 in Ranged Weapons
  3309 | D:4      | 3309 ||| UPGRADING to ring of poison resistance.
  3310 | D:4      | 3310 ||| READING scroll labelled ROCAIN ERYANG.
  3310 | D:4      | 3310 ||| ENCHANTING +0 pair of gloves.
  3311 | D:4      | 3311 ||| READING scroll labelled PUZELI IHEE.
  3311 | D:4      | 3311 ||| ENCHANTING +0 shortbow.
  3337 | D:5      | Entered Level 5 of the Dungeon
  3337 | D:5      | Noticed Ijyb
  3339 | D:5      | Noticed an ice beast
  3340 | D:5      | 3340 ||| RETREEEEATING.
  3341 | D:5      | 3341 ||| RETREEEEATING.
  3346 | D:5      | 3346 ||| RETREEEEATING.
  3347 | D:5      | 3347 ||| DRINKING potion of haste.
  3352 | D:5      | HP: 8/35 [constriction (1)]
  3353 | D:5      | 3353 ||| READING 3 scrolls of teleportation.
  3359 | D:5      | 3359 ||| READING 2 scrolls of teleportation.
  3417 | D:5      | 3417 ||| DRINKING potion of curing.
  3417 | D:5      | 3417 ||| (to cure confusion)
  3431 | D:5      | Reached skill level 3 in Dodging
  3493 | D:5      | Reached XP level 7. HP: 35/40 MP: 6/9
  3556 | D:5      | Reached skill level 11 in Ranged Weapons
  3789 | D:5      | HP: 10/40 [constriction (1)]
  3790 | D:5      | 3790 ||| READING scroll of teleportation.
  3792 | D:5      | Killed Ijyb
  3797 | D:5      | HP: 10/40 [scorpion (1)]
  3799 | D:5      | HP: 4/40 [poisoned by a scorpion]
  3802 | D:5      | Succumbed to a scorpion's poison

Levels and vault maps discovered:
D:1:      matt_arrival_diagonals, layout_basic, minmay_tromino_mix6
D:2:      layout_loops_ring, uniq_jessica
D:3:      layout_basic, overflow_temple_1_default, nemelex_spade_bored_becter,
          serial_shops, shop_statue
D:4:      layout_basic, st_stairs_5, amethyst_killhole
D:5:      layout_rooms, uniq_ijyb

Skill      XL: |  1  2  3  4  5  6  7 |
---------------+----------------------+-----
Ranged Weapons | 6 7 8 9 10 11 | 11.8
Fighting       | 2 |  2.1
Armour         | 1 |  1.0
Dodging        | 3 |  3.1
Stealth        | |  1.2

Action                     |  1- 3 |  4- 6 |  7- 9 || total
---------------------------+-------+-------+-------++-------
   Fire: Shortbow          |    86 |   260 |    82 ||   428
    Use: Scroll            |     4 |     7 |     1 ||    12
         Potion            |       |     4 |       ||     4
 Armour: Leather armour    |     2 |       |       ||     2
         Ring mail         |    12 |   105 |    37 ||   154
  Dodge: Dodged            |    15 |    93 |    16 ||   124

Table legend:
 A = Non-vault XP
 B = Vault XP
 C = Vault XP percentage of total XP
 D = Non-vault monster count
 E = Vault monster count
 F = Vault count percentage of total count
                 A         B        C        D         E       F
            +---------+---------+-------+---------+---------+-------
      Total |    1085 |      91 |   7.7 |     102 |       7 |   6.4
            +---------+---------+-------+---------+---------+-------
        D:1 |      56 |       4 |   6.7 |      25 |       4 |  13.8
        D:2 |      92 |      37 |  28.7 |      20 |       1 |   4.8
        D:3 |     194 |       0 |   0.0 |      28 |       0 |   0.0
        D:4 |     186 |      14 |   7.0 |      13 |       1 |   7.1
        D:5 |     557 |      36 |   6.1 |      16 |       1 |   5.9
            +---------+---------+-------+---------+---------+-------
